 Dungeon Crawl Stone Soup version 0.28-a0-1202-g1e6f1b2279 (webtiles) character file.

Game seed: 15774918645648437124

39677 ChaosChampion the Thaumaturge (level 14, -4/99 HPs)
             Began as a Djinni Air Elementalist on Dec 20, 2021.
             Was an Initiate of Ashenzari.
             Shot with an arrow by a centaur (11 damage)
             ... led by a centaur warrior
             ... on level 14 of the Dungeon.
             The game lasted 00:43:35 (24996 turns).

ChaosChampion the Thaumaturge (DjAE)               Turns: 24996, Time: 00:43:35

Health: -4/99      AC: 10    Str: 12    XL:     14   Next: 40%
Gold:   896        EV: 15    Int: 25    God:    Ashenzari [......] SH:  0 Dex: 15

rFire   + + +      SeeInvis .   B - staff of conjuration
rCold   x . .      Faith    .   (no shield)
rNeg    . . .      Spirit   .   J - +0 troll leather armour
rPois   ∞          Reflect  .   (no helmet)
rElec   .          Harm     .   x - +0 cloak
rCorr   .          Rampage  .   m - +0 pair of gloves
Will    +....                   (boots unavailable)
Stlth   ++........              (no amulet)
HPRegen 1.06/turn               z - +4 ring of protection
MPRegen 0.00/turn               N - ring "Doubts of Ashenzari" {rF+ Str+5 Int+4, Self, Cun} (curse)

@: flying
A: sickness immunity, fire resistance 2, cold vulnerability 1, float, innate
caster, hp casting, extra vitality 1, frail 1
a: Renounce Religion, Shatter the Chains


You were on level 14 of the Dungeon.
You worshipped Ashenzari.
Ashenzari was noncommittal.
You visited 2 branches of the dungeon, and saw 15 of its levels.

You collected 896 gold pieces.

Inventory:

Hand Weapons
 G - a +5 short sword
 H - a +4 long sword
Missiles
 F - a throwing net
Armour
 m - a +0 pair of gloves (worn)
 x - a +0 cloak (worn)
 J - a +0 troll leather armour (worn)
Magical Staves
 y - a staff of fire
 B - a staff of conjuration (weapon)
Jewellery
 a - a +6 ring of dexterity
 z - a +4 ring of protection (left hand)
 E - a +6 ring of intelligence
 M - a ring of positive energy
 N - the cursed ring "Doubts of Ashenzari" (right hand) {rF+ Str+5 Int+4, Self, Cun}
   (You found it on level 13 of the Dungeon)

   [ring of protection from fire]

   Str:       It affects your strength (+5).
   Int:       It affects your intelligence (+4).
   rF:        It protects you from fire.
   It has a curse which improves the following skills: Introspection: Fighting
   and Spellcasting.
   Cunning:   Dodging and Stealth.
Wands
 n - a wand of polymorph (5)
 o - a wand of mindburst (9) (quivered)
 t - a wand of acid (14)
 I - a wand of flame (15)
 L - a wand of digging (10)
Scrolls
 b - 6 scrolls of teleportation {unknown}
 e - 3 scrolls of vulnerability {unknown}
 f - 2 scrolls of enchant armour {unknown}
 g - 7 scrolls of fear {unknown}
 h - 2 scrolls of silence {unknown}
 j - 16 scrolls of identify {unknown}
 p - 3 scrolls of blinking {unknown}
 s - a scroll of immolation {unknown}
 K - a scroll of holy word {unknown}
Potions
 c - 2 potions of degeneration {unknown}
 d - 2 potions of lignification {unknown}
 i - 3 potions of brilliance {unknown}
 k - 2 potions of flight {unknown}
 l - 4 potions of curing
 q - 2 potions of haste {unknown}
 r - 2 potions of magic {unknown}
 u - 2 potions of mutation {unknown}
 v - 2 potions of might {unknown}
 w - 7 potions of ambrosia
 A - a potion of resistance
 C - a potion of berserk rage {unknown}
 D - a potion of heal wounds {unknown}


   Skills:
 + Level 13.2(13.6) Fighting
 + Level 2.2 Armour
 * Level 8.1(8.6) Dodging
 - Level 1.8(2.2) Stealth
 + Level 14.5(15.0) Spellcasting


You had 15 spell levels left.
You knew the following spells:

 Your Spells              Type           Power      Damage    Failure   Level
a - Shock                 Conj/Air       100%       1d9       0%          1
b - Static Discharge      Conj/Air       96%        N/A       0%          2
c - Swiftness             Air            76%        N/A       1%          3
d - Airstrike             Air            38%        N/A       1%          4
e - Hailstorm             Conj/Ice       96%        3d19      1%          4
f - Ensorcelled Hibernat  Hex/Ice        100%       N/A       0%          2
g - Scorch                Fire           100%       2d10      0%          2
h - Slow                  Hex            100%       N/A       0%          1
i - Summon Ice Beast      Ice/Summ       76%        N/A       1%          4
j - Irradiate             Conj/Tmut      48%        3d29      1%          5
Your spell library was empty.

Dungeon Overview and Level Annotations

Branches:
Dungeon (14/15)            Temple (1/1) D:6            Lair (0/6) D:11
    Orc (0/2) D:12         Vaults (0/5) D:13

Altars:
Ashenzari
Cheibriados
Dithmenos
Elyvilon
Fedhas
Gozag
Hepliaklqana
Kikubaaqudgha
Makhleb
Nemelex Xobeh
Okawaru
Qazlal
Ru
Sif Muna
Trog
Uskayaw
Vehumet
Wu Jian
Xom
Yredelemnul
Zin
The Shining One

Shops:
D:12 *


Innate Abilities, Weirdness & Mutations

You are immune to sickness and miasma.
You are immune to poison.
Your flesh is very heat resistant. (rF++)
You are vulnerable to cold. (rC-)
You float through the air rather than walking.
You learn spells naturally, not from books.
Your magical power is your life essence.
You have superior vitality. (+4 HP)
You are frail. (-10% HP)


Message History

Your Dodging skill increases to level 8!
Casting: Hailstorm (safe; 1% risk of failure)
Confirm with . or Enter, or press ? or * to list all spells.
Casting: Hailstorm (safe; 1% risk of failure)
Press: ? - help, Dir - look around, f - activate You feel a surge of power!
A cannonade of hail descends around you!
The hail pelts the centaur warrior!!!
You kill the centaur warrior!
* * * LOW HITPOINT WARNING * * *
Casting: Hailstorm (safe; 1% risk of failure)
Confirm with . or Enter, or press ? or * to list all spells.
Casting: Hailstorm (safe; 1% risk of failure)
Press: ? - help, Dir - look around, f - activate You feel a surge of power!
A cannonade of hail descends around you!
The hail pelts the centaur!!
You kill the centaur!
* * * LOW HITPOINT WARNING * * *
Casting: Hailstorm (safe; 1% risk of failure)
Confirm with . or Enter, or press ? or * to list all spells.
You don't have enough health to cast this spell.
Unknown command.
You feel better.
The centaur shoots an arrow.
The arrow barely misses you.
The centaur shoots an arrow.
The arrow hits you but does no damage.
Okay, then.
Casting: Hailstorm (safe; 1% risk of failure)
Confirm with . or Enter, or press ? or * to list all spells.
Casting: Hailstorm (safe; 1% risk of failure)
Press: ? - help, Dir - look around, f - activate You feel a surge of power!
A cannonade of hail descends around you!
The hail pelts the centaur!!!
You kill the centaur!
The hail pelts the fire elemental!!!
The fire elemental is frozen!
You destroy the fire elemental!
* * * LOW HITPOINT WARNING * * *
The centaur wields a +0 shortbow.
The centaur shoots an arrow.
The arrow hits you!
You die...

..# ≈.§≈≈§§§# ≈§§§ #.
### ≈..§§§§≈≈# §≈≈○ #.
≈§..§.§§≈≈# ≈§≈c. #.
#### ≈.......§≈≈# ○§☼c.
#. ...#
≈..8...8..≈≈#≈°.c8c #.
...#≈§....$.....≈#≈..H..
#.
...#§....:8)....)c§..*Q!
#.
...#§.....(.....≈#§.....
#. ...#§§..8...8..≈@#
≈..8. #.
...#§≈≈.......≈≈≈# ≈...
#. ...#≈≈≈≈....§§§≈≈#
≈.. ##
####≈≈§≈≈§§.§§§≈≈# ≈. #
#§≈≈≈≈§.≈≈≈§≈≈# ≈ #
#######†#######
#≈≈≈≈≈§.§≈≈≈§§#
#≈§≈§≈...≈≈§§≈#
#≈≈§≈§..[.≈≈≈≈#


You could see a centaur.

Vanquished Creatures
  Kirke (D:14)
  A storm dragon (D:13)
  Nessos (D:12)
  A fire dragon (D:14)
  7 vault guards (D:13)
  A rakshasa (D:13)
  3 boulder beetles
  2 two-headed ogres
  A hydra (D:14)
  2 tengu warriors
  5 centaur warriors
  A deep elf pyromancer (D:12)
  4 cyclopes
  An ugly thing (D:14)
  2 wolf spiders
  The ghost of TheNamelessOne the Stinger, a novice OpVM (D:5)
  A manticore (D:14)
  Joseph (D:7)
  A molten gargoyle (D:14)
  A gargoyle (D:11)
  Maggie (D:7)
  2 unseen horrors (D:12)
  A freezing wraith (D:11)
  The ghost of ChaosChampion the Ruffian, a novice DrTm of Okawaru (D:5)
  2 kobold demonologists (D:9)
  A yaktaur (D:13)
  An efreet (D:11)
  A komodo dragon (D:10)
  3 tengu conjurers
  4 trolls
  A queen bee (D:9)
  Prince Ribbit (D:6)
  10 slime creatures
  Grinder (D:6)
  A meliai zombie (D:11)
  Sigmund (D:3)
  2 shadows
  7 yaks
  2 water elementals (D:14)
  Grum (D:8)
  A basilisk (D:12)
  A fire elemental (D:14)
  A wraith (D:12)
  6 hogs (D:14)
  Menkaure (D:7)
  2 vampire mosquitoes (D:11)
  A water moccasin (D:5)
  Duvessa (D:7)
  4 orc warriors
  2 black bears
  3 ice beasts
  A necrophage (D:8)
  3 ogres
  A boggart (D:13)
  3 wolves
  4 centaurs
  4 bullfrogs
  3 scorpions
  A wyvern skeleton (D:3)
  Dowan (D:7)
  23 killer bees
  An electric eel (D:14)
  10 wights
  2 howler monkeys
  A lava snake (D:14)
  4 centaur zombies
  A bullfrog zombie (D:5)
  3 jellies
  8 hounds
  2 bullfrog skeletons
  2 gnoll shamans
  4 orc priests
  2 centaur skeletons (D:7)
  Crazy Yiuf (D:6)
  Jessica (D:2)
  Ijyb (D:3)
  Terence (D:2)
  An iguana (D:4)
  7 orc wizards
  A howler monkey zombie (D:8)
  7 adders
  8 gnolls
  A howler monkey skeleton (D:4)
  A shadow imp (D:7)
  A white imp (D:8)
  An ufetubus (D:5)
  3 worms
  4 dart slugs
  38 orcs
  12 endoplasms
  4 giant cockroaches
  9 hobgoblins
  7 quokkas
  12 ball pythons
  4 bats (D:2)
  2 frilled lizards
  5 goblins
  14 kobolds
  3 rats
  A spectral orc (D:4)
339 creatures vanquished.

Vanquished Creatures (collateral kills)
  A vault guard (D:13)
  2 hydras
  A slime creature (D:14)
  A tengu conjurer (D:14)
  A yak (D:12)
  A hog (D:14)
  An acid dragon (D:10)
  A kobold brigand (D:10)
  An electric eel (D:11)
10 creatures vanquished.

Vanquished Creatures (others)
  4 fungi (D:4)
  6 toadstools (D:4)
  5 withered plants (D:5)
15 creatures vanquished.

Grand Total: 364 creatures vanquished

Notes
Turn   | Place    | Note
-------+----------+-------------------------------------------
     0 | D:1      | ChaosChampion the Djinni Air Elementalist began the quest
                  | for the Orb.
     0 | D:1      | Reached XP level 1. HP: 15/15 MP: 0/0
   247 | D:1      | Reached XP level 2. HP: 13/21 MP: 0/0
   876 | D:1      | Reached XP level 3. HP: 22/26 MP: 0/0
   876 | D:1      | Learned a level 1 spell: Slow
  1721 | D:2      | Reached skill level 3 in Spellcasting
  1770 | D:2      | Reached skill level 1 in Fighting
  1812 | D:2      | Reached XP level 4. HP: 27/32 MP: 0/0
  1924 | D:2      | Noticed Jessica
  1932 | D:2      | Killed Jessica
  2228 | D:2      | Noticed Terence
  2275 | D:2      | Killed Terence
  2276 | D:2      | Reached XP level 5. HP: 12/38 MP: 0/0
  2276 | D:2      | Learned a level 2 spell: Ensorcelled Hibernation
  2791 | D:3      | Noticed Ijyb
  2801 | D:3      | Killed Ijyb
  3592 | D:3      | Noticed Sigmund
  3606 | D:3      | Killed Sigmund
  3607 | D:3      | Reached skill level 4 in Spellcasting
  3607 | D:3      | Reached XP level 6. HP: 8/45 MP: 0/0
  4091 | D:3      | Reached XP level 7. HP: 6/49 MP: 0/0
  4091 | D:3      | Learned a level 2 spell: Scorch
  6340 | D:4      | Reached skill level 5 in Spellcasting
  6344 | D:4      | Reached skill level 5 in Dodging
  6344 | D:4      | Reached XP level 8. HP: 47/58 MP: 0/0
  6727 | D:4      | Found a basalt altar of Yredelemnul.
  6825 | D:5      | Entered Level 5 of the Dungeon
  7745 | D:5      | Found a runed translucent gate.
  7745 | D:5      | Found a runed translucent gate.
  7746 | D:5      | Found a runed translucent gate.
  7747 | D:5      | Noticed TheNamelessOne's ghost (novice OpVM)
  7748 | D:5      | Noticed ChaosChampion's ghost (novice DrTm)
  8131 | D:5      | Killed TheNamelessOne's ghost
  8132 | D:5      | Reached skill level 5 in Fighting
  8132 | D:5      | Reached skill level 6 in Spellcasting
  8132 | D:5      | Reached XP level 9. HP: 34/65 MP: 0/0
  8132 | D:5      | Learned a level 4 spell: Hailstorm
  8142 | D:5      | HP: 1/65 [ChaosChampion's ghost (10)]
  8668 | D:5      | Killed ChaosChampion's ghost
  8669 | D:5      | Reached skill level 7 in Spellcasting
  8909 | D:6      | Noticed Prince Ribbit
  8920 | D:6      | Killed Prince Ribbit
  9176 | D:6      | Noticed Grinder
  9184 | D:6      | Killed Grinder
  9334 | D:6      | Found a hide-covered altar of Uskayaw.
  9772 | D:6      | Reached skill level 8 in Spellcasting
  9867 | D:6      | Reached XP level 10. HP: 62/73 MP: 0/0
  9994 | D:6      | Found a runed translucent door.
  9995 | D:6      | Noticed Crazy Yiuf
 10050 | D:6      | Killed Crazy Yiuf
 10324 | D:6      | Found a staircase to the Ecumenical Temple.
 10340 | Temple   | Entered the Ecumenical Temple
 10494 | Temple   | Became a worshipper of Ashenzari the Shackled
 10727 | D:7      | Found a glowing silver altar of Zin.
 10741 | D:7      | Noticed Joseph
 10741 | D:7      | Noticed Menkaure
 11097 | D:7      | Killed Menkaure
 11352 | D:7      | Killed Joseph
 11702 | D:7      | Noticed Maggie
 11709 | D:7      | Killed Maggie
 11710 | D:7      | Reached skill level 9 in Spellcasting
 12210 | D:7      | Noticed Dowan
 12213 | D:7      | Noticed Duvessa
 12218 | D:7      | Killed Duvessa
 12219 | D:7      | Killed Dowan
 12977 | D:8      | Noticed Grum
 12984 | D:8      | Killed Grum
 13893 | D:8      | Reached XP level 11. HP: 65/81 MP: 0/0
 13893 | D:8      | Learned a level 4 spell: Summon Ice Beast
 14210 | D:9      | Reached skill level 10 in Spellcasting
 14576 | D:9      | Found a bloodstained altar of Trog.
 15386 | D:9      | Found a glowing golden altar of the Shining One.
 15386 | D:9      | Found an opulent altar of Gozag.
 15388 | D:9      | Found an ornate altar of the Wu Jian Council.
 15388 | D:9      | Found a hazy altar of Hepliaklqana.
 15392 | D:9      | You are sucked into a shaft and drop 2 floors!
 15403 | D:10     | Entered Level 10 of the Dungeon
 16980 | D:10     | Noticed a centaur warrior
 16982 | D:10     | Killed a centaur warrior
 17221 | D:10     | Reached skill level 11 in Spellcasting
 18050 | D:11     | Noticed a cyclops
 19164 | D:11     | Killed a cyclops
 19165 | D:11     | Reached XP level 12. HP: 29/91 MP: 0/0
 19448 | D:11     | Noticed a four-headed hydra
 19452 | D:11     | Killed a four-headed hydra
 19453 | D:11     | Reached skill level 10 in Fighting
 19820 | D:11     | HP: 2/91 [centaur warrior zombie (9)]
 20340 | D:11     | Noticed a centaur warrior
 20344 | D:11     | Killed a centaur warrior
 20345 | D:11     | Reached skill level 12 in Spellcasting
 20600 | D:11     | Found a staircase to the Lair.
 21445 | D:12     | Noticed a two-headed ogre
 21677 | D:12     | Found a staircase to the Orcish Mines.
 21712 | D:12     | Killed a two-headed ogre
 21801 | D:12     | Found a stormy altar of Qazlal.
 22103 | D:12     | Noticed Nessos
 22109 | D:12     | Killed Nessos
 22110 | D:12     | Reached skill level 13 in Spellcasting
 22110 | D:12     | Reached XP level 13. HP: 36/99 MP: 0/0
 22110 | D:12     | Learned a level 5 spell: Irradiate
 22215 | D:12     | Found Eguh's General Store.
 22315 | D:13     | Noticed a boulder beetle
 22328 | D:13     | Killed a boulder beetle
 22604 | D:13     | Identified the ring of Holiergh {rF+ Str+5 Int+4}
 22610 | D:13     | Noticed a rakshasa
 22907 | D:13     | Killed a rakshasa
 22948 | D:13     | Noticed an ettin
 22948 | D:13     | Noticed a storm dragon
 22961 | D:13     | Killed a storm dragon
 23031 | D:13     | Noticed a catoblepas
 23301 | D:13     | Noticed a vault guard
 23301 | D:13     | Noticed a vault guard
 23303 | D:13     | Noticed a vault guard
 23303 | D:13     | Noticed a vault guard
 23304 | D:13     | Noticed a vault guard
 23311 | D:13     | Killed a vault guard
 23343 | D:13     | Killed a vault guard
 23346 | D:13     | Killed a vault guard
 23348 | D:13     | Killed a vault guard
 23352 | D:13     | Killed a vault guard
 23430 | D:13     | Noticed a vault guard
 23437 | D:13     | Killed a vault guard
 23460 | D:13     | Found a gate to the Vaults.
 23487 | D:13     | Noticed a vault guard
 23495 | D:13     | Killed a vault guard
 23767 | D:13     | Noticed a vault guard
 23777 | D:13     | Killed a vault guard
 23778 | D:13     | Reached skill level 14 in Spellcasting
 23876 | D:14     | Noticed a boulder beetle
 23887 | D:14     | Killed a boulder beetle
 23999 | D:14     | Noticed a five-headed hydra
 24004 | D:14     | Killed a five-headed hydra
 24382 | D:14     | Reached XP level 14. HP: 96/108 MP: 0/0
 24476 | D:14     | Noticed Kirke
 24605 | D:14     | Killed Kirke
 24800 | D:14     | Reached skill level 1 in Armour
 24809 | D:14     | Gained mutation: You are frail. (-10% HP) [mutagenic glow]
 24996 | D:14     | Shot with an arrow by a centaur

Illustrated notes

Levels and vault maps discovered:
D:1:      tarquinn_simple_flora_water_f, layout_loops_ring
D:2:      layout_basic, minmay_pentomino_x2, uniq_terence, uniq_jessica
D:3:      layout_loops_ring, roderic_lattice_a, uniq_ijyb, uniq_sigmund
D:4:      cheibrodos_fertilizer, layout_basic,
          yredelemnul_forgotten_temple_becter
D:5:      layout_loops_ring, gammafunk_ghost_cemetery, grunt_decor_junction
D:6:      layout_layer_cave, nicolae_uskayaw_murder_on_the_dancefloor,
          mainiacjoe_overflow_big_doors, minmay_temple_entry_antechambers,
          uniq_crazy_yiuf_cottage, uniq_grinder, uniq_prince_ribbit1
D:7:      layout_loops_ring, zin_academy, uniq_duvessa, uniq_menkaure,
          uniq_maggie, uniq_joseph
D:8:      layout_loops_ring, grunt_ministairs_3, uniq_grum
D:9:      layout_basic, grunt_temple_overflow_open, abandoned_shop, minivault_7
D:10:     layout_basic, hangedman_decor_growths
D:11:     layout_long_grid, erik_lair_island, kb_rosetta
D:12:     layout_rooms, orc_0_dummy, serial_shops, shop_statue,
          nicolae_qazlal_style_of_elements, uniq_nessos
D:13:     minmay_outward_triangles, layout_long_grid, erik_vaults_2
D:14:     kennysheep_four_of_diamonds, layout_basic, lemuel_crystal_altar,
          nicolae_elevator_lobby_asterisk, uniq_kirke
Temple:   nicolae_temple_hex_pool

Skill      XL: |  1  2  3  4  5  6  7  8  9 10 11 12 13 14 |
---------------+-------------------------------------------+-----
Spellcasting   | 3 4 5 6 8 9 11 13 14 | 14.5
Fighting       | 1 2 3 5 6 8 9 11 12 13 | 13.2
Dodging        | 3 4 5 6 8 |  8.1
Armour         | 2 |  2.2
Stealth        | |  1.8

Action                   |  1- 3 |  4- 6 |  7- 9 | 10-12 | 13-15 || total
-------------------------+-------+-------+-------+-------+-------++-------
Melee: Short sword       |       |       |    11 |    61 |     1 ||    73
       Staff             |       |       |       |    13 |     1 ||    14
 Cast: Shock             |    75 |    79 |   150 |   135 |       ||   439
       Static Discharge  |     2 |    14 |    38 |    61 |     6 ||   121
       Swiftness         |       |     1 |     2 |     5 |     1 ||     9
       Airstrike         |       |       |    22 |   136 |   125 ||   283
       Ensorcelled Hiber |       |       |     1 |     1 |     2 ||     4
       Hailstorm         |       |       |       |    35 |    16 ||    51
       Scorch            |       |       |       |    16 |    14 ||    30
       Summon Ice Beast  |       |       |       |    10 |    23 ||    33
       Slow              |       |       |       |     3 |       ||     3
       Irradiate         |       |       |       |       |    25 ||    25
Invok: Curse Item        |       |       |       |       |     1 ||     1
Evoke: Wand              |       |       |       |       |     6 ||     6
  Use: Potion            |       |       |       |     1 |     1 ||     2
Armor: Robe              |     6 |     1 |    11 |    84 |       ||   102
       Troll leather arm |       |       |       |     9 |    35 ||    44
Dodge: Dodged            |     9 |    13 |    37 |   190 |    64 ||   313

Table legend: (Time is in decaauts)
 A = Elapsed time spent in this place.
 B = Non-inter-level travel time spent in this place.
 C = Inter-level travel time spent in this place.
 D = Time resting spent in this place.
 E = Time spent auto-exploring this place.
 F = Levels seen in this place.
 G = Mean time per level.
                   A        B        C        D        E       F      G
               +--------+--------+--------+--------+--------+-----+--------+
         Total |  25013 |  24390 |    623 |   2805 |  18545 |  15 | 1667.5 |
       Dungeon |  24825 |  24202 |    623 |   2805 |  18393 |  14 | 1773.2 |
        Temple |    187 |    187 |      0 |      0 |    152 |   1 |  187.0 |
               +--------+--------+--------+--------+--------+-----+--------+

Top non-repeatable levels by time:
    D:10: 3345 daAuts
     D:6: 2434 daAuts
     D:4: 2340 daAuts
    D:11: 2265 daAuts
     D:3: 2133 daAuts
     D:9: 1806 daAuts
     D:5: 1733 daAuts
     D:2: 1597 daAuts
     D:7: 1455 daAuts
    D:12: 1292 daAuts
    D:13: 1164 daAuts
    D:14: 1132 daAuts
     D:1: 1097 daAuts
     D:8: 1027 daAuts
  Temple: 187 daAuts
